 Dungeon Crawl Stone Soup version 0.21-a0-227-g58a7c62 (webtiles) character file.

5 Goblin1989 the Ruffian (level 1, -3/18 HPs)
             Began as a Naga Transmuter on Aug 30, 2017.
             Slain by a kobold
             ... wielding a +0 short sword
              (7 damage)
             ... on level 1 of the Dungeon.
             The game lasted 00:01:47 (601 turns).

Goblin1989 the Ruffian (Naga Transmuter)             Turns: 601, Time: 00:01:47

Health: -3/18      AC:  1    Str: 12    XL:     1   Next: 80%
Magic:  3/3        EV: 10    Int: 13    God:
Gold:   22         SH:  0    Dex: 11    Spells: 3/4 levels left

rFire    . . .     SeeInvis +     - Unarmed
rCold    . . .     Gourm    .   (no shield)
rNeg     . . .     Faith    .   b - +0 robe
rPois    +         Spirit   .   (no helmet)
rElec    .         Reflect  .   (no cloak)
rCorr    .         Harm     .   (no gloves)
MR       .....                  (no barding)
Stlth    +.........             (no amulet)
HPRegen  0.06/turn              (no ring)
MPRegen  0.08/turn              (no ring)

@: very slow
A: see invisible, deformed body, poison resistance, slowness 2, slow metabolism
1, spit poison 1, AC +0
a: Spit Poison


You were on level 1 of the Dungeon.
You were not hungry.

You visited 1 branch of the dungeon, and saw 1 of its levels.

You collected 22 gold pieces.

Inventory:

Missiles
 a - 12 arrows
Armour
 b - a +0 robe (worn)
Scrolls
 g - a scroll of immolation {unknown}
Potions
 h - a potion of heal wounds {unknown}
 j - a potion of curing {unknown}
Books
 c - a book of Changes

   Spells                             Type                      Level
   a - Beastly Appendage              Transmutation                1
   b - Sticks to Snakes               Transmutation                2
   c - Spider Form                    Transmutation/Poison         3
   d - Ice Form                       Ice/Transmutation            4
   e - Blade Hands                    Transmutation                5
Comestibles
 e - a bread ration {@e1}
 f - a meat ration {@e2}
 i - a chunk of flesh


   Skills:
 - Level 1.0 Fighting
 - Level 1.5 Dodging
 + Level 0.4 Stealth
 + Level 3.3 Unarmed Combat
 - Level 2.0 Spellcasting
 - Level 2.0 Transmutations


You had 3 spell levels left.
You knew the following spells:

 Your Spells              Type           Power        Failure   Level  Hunger
a - Beastly Appendage     Tmut           #.....       11%         1    ##.....


Dungeon Overview and Level Annotations

Branches:
Dungeon (1/15)

Altars:


Innate Abilities, Weirdness & Mutations

You cannot wear boots.
Your serpentine skin is tough. (AC +0)
You have supernaturally acute eyesight. (SInv)
Armour fits poorly on your strangely shaped body.
Your system is resistant to poisons. (rPois)
You cover ground very slowly.
You have a slow metabolism.
You can spit poison.


Message History

e - a bread ration You become a dryad!
Welcome, Goblin1989 the Naga Transmuter.
Will you prevail where others failed? Will you find the Orb of Zot?
Press ? for a list of commands and other information.
Found a staircase leading out of the dungeon.
Marking area around the eight-headed hydra as unsafe for travelling.
The eight-headed hydra roars!
The komodo dragon hisses angrily.
The lindwurm roars!
The polar bear growls angrily.
f - a meat ration {@e2} A giant cockroach comes into view.
The giant cockroach bites you but does no damage.
You hit the giant cockroach.
The giant cockroach is lightly wounded.
The giant cockroach bites you.
You take 1 damage, and have 17/18 hp.
You hit the giant cockroach.
You kill the giant cockroach!
Health restored: 18 A goblin comes into view.
It is wielding an enchanted dagger.
The goblin shouts!
You see here a giant cockroach corpse.
You see here a giant cockroach corpse.
You closely miss the goblin. The goblin closely misses you.
You closely miss the goblin. The goblin hits you but does no damage.
You hit the goblin.
You kill the goblin!
You see here an enchanted dagger.
You see here a giant cockroach corpse.
g - a scroll labeled HECHUC NEFOCO You now have 13 gold pieces.
h - a sedimented puce potion A giant cockroach comes into view.
The giant cockroach completely misses you.
You barely miss the giant cockroach. The giant cockroach bites you.
You take 1 damage, and have 17/18 hp.
You hit the giant cockroach.
The giant cockroach is severely wounded.
The giant cockroach bites you.
You take 1 damage, and have 16/18 hp.
You hit the giant cockroach but do no damage.
The giant cockroach is severely wounded.
The giant cockroach bites you.
You take 1 damage, and have 15/18 hp.
You barely miss the giant cockroach.
The giant cockroach is severely wounded.
The giant cockroach bites you.
The giant cockroach completely misses you.
You take 2 damage, and have 13/18 hp.
You hit the giant cockroach.
You kill the giant cockroach!
You see here a giant cockroach corpse.
You butcher the giant cockroach corpse.
i - 2 chunks of flesh
Okay, then.
Unknown command.
HP restored.
All of the chunks of flesh in your inventory have rotted away.
A rat comes into view.
Health restored: 18 You hit the rat.
You kill the rat!
You now have 22 gold pieces (gained 9).
A rat comes into view.
A rat is nearby!
A rat is nearby!
A rat is nearby!
The rat bites you. x2
You take 4 damage, and have 14/18 hp.
MASSIVE DAMAGE!!
You closely miss the rat. The rat bites you but does no damage.
You hit the rat.
You kill the rat!
You see here a rat corpse.
You butcher the rat corpse.
i - a chunk of flesh
j - a red potion Health restored: 18 A kobold comes into view.
It is wielding a short sword.
The kobold shouts!
The kobold hits you with a short sword.
You take 1 damage, and have 17/18 hp.
You hit the kobold but do no damage. The kobold barely misses you.
You barely miss the kobold. The kobold hits you with a short sword.
You take 5 damage, and have 12/18 hp.
MASSIVE DAMAGE!!
You barely miss the kobold. The kobold hits you with a short sword!
* * * LOW HITPOINT WARNING * * *
You take 8 damage, and have 4/18 hp.
MASSIVE DAMAGE!!
You closely miss the kobold. The kobold barely misses you.
You hit the kobold.
The kobold is moderately wounded.
The kobold hits you with a short sword!
You die... ██████████████

███████............█
............█████.██
██████.███.█ █.█ █.█ █.█
█.█ █.█ █.█ █.█ █.█ █.█
█.█ (..██████.█
█.█████.█ .)....K@..█
█.█.....██ .....██████
█........█ .$█
███.███.██ █.█ █.█
███████.███.██
.............█
███████.██████
............█
██████████████████...█.█


You could see a kobold.

Vanquished Creatures
  2 giant cockroaches (D:1)
  A goblin (D:1)
  2 rats (D:1)
5 creatures vanquished.

Notes
Turn   | Place    | Note
-------+----------+-------------------------------------------
     0 | D:1      | Goblin1989 the Naga Transmuter began the quest for the Orb.
     0 | D:1      | Reached XP level 1. HP: 18/18 MP: 3/3
     6 | D:1      | Noticed an eight-headed hydra
     6 | D:1      | Noticed a polar bear
     6 | D:1      | Noticed a salamander
     6 | D:1      | Noticed a komodo dragon
     6 | D:1      | Noticed a lindwurm
   601 | D:1      | Slain by a kobold

Vault maps used:
D:1:      onia_arrival_zoo_common, minmay_tromino_v4_c

Action                   || total
-------------------------++-------
Melee: Unarmed           ||    18
Armor: Robe              ||     2
Dodge: Dodged            ||     5

Table legend:
 A = Spawn XP
 B = Non-spawn XP
 C = Spawn XP percentage of total XP
 D = Spawn monster count
 E = Non-spawn monster count
 F = Spawn count percentage of total count
 G = Total turns spent on level
                    A         B        C        D         E        F      G
               +---------+---------+-------+---------+---------+-------+---------
         Total |       0 |       8 |   0.0 |       0 |       5 |   0.0 |   601
               +---------+---------+-------+---------+---------+-------+---------
           D:1 |       0 |       8 |   0.0 |       0 |       5 |   0.0 |   601
               +---------+---------+-------+---------+---------+-------+---------

Vault maps used:
D:1:      onia_arrival_zoo_common, minmay_tromino_v4_c
